 Dungeon Crawl Stone Soup version 0.31-a0-841-g038b102fc3 (webtiles) character file.

Game seed: 10604386245300675181

87 Hubris850 the Insei (level 4, -2/42 HPs)
             Began as an Octopode Shapeshifter on Sept 27, 2023.
             Slain by a cerulean imp
             ... wielding a +2 spear
             ... summoned by Natasha
              (4 damage)
             ... on level 2 of the Dungeon.
             The game lasted 00:03:08 (1061 turns).

Hubris850 the Insei (Octopode Shapeshifter)         Turns: 1061, Time: 00:03:09

Health: -2/42      AC: 22    Str: 13    XL:     4   Next: 51%
Magic:  4/4        EV:  2    Int: 12    God:
Gold:   95         SH:  0    Dex: 13    Spells: 3/3 levels left

rFire   . .          .
                       - Unarmed
rCold   . . .        (no shield)
rNeg    . . .        (helmet currently unavailable)
rPois   +            (no amulet)
rElec   .            (no ring)
rCorr   .            (no ring)
SInv    .            (no ring)
Will    .....        (no ring)
Stlth   +            (no ring)
HPRegen 0.27/turn    (no ring)
MPRegen 0.09/turn    (no ring)
                     (no ring)

%: no passive effects
@: tree-form
A: stationary, stasis, torment immunity, boosted hp, almost no armour,
(amphibious), 8 rings, (camouflage 1), (gelatinous body 1), (nimble swimmer 1),
(tentacles)
a: no special abilities


You were on level 2 of the Dungeon.
You were a tree.
You visited 1 branch of the dungeon, and saw 2 of its levels.

You collected 95 gold pieces.

Inventory:

Hand Weapons
 e - a +0 dagger
 i - a +0 mace of protection
 m - a +0 short sword
Missiles
 d - a throwing net
 g - 4 poisoned darts
Talismans
 b - a beast talisman
 c - a flux talisman
Scrolls
 f - a scroll of immolation {unknown}
 h - a scroll of enchant armour {unknown}
 j - a scroll of identify {unknown}
 k - 2 scrolls of revelation {unknown}
 l - a scroll of fog {unknown}


   Skills:
 - Level 1.0 Fighting
 + Level 3.1 Dodging
 + Level 3.8 Unarmed Combat
 + Level 3.6 Shapeshifting


You had 3 spell levels left.
You didn't know any spells.
Your spell library was empty.

Dungeon Overview and Level Annotations

Branches:
Dungeon (2/15)

Altars:

Annotations:
D:2 Natasha


Innate Abilities, Weirdness & Mutations

You are a tree.
Your roots penetrate the ground, keeping you stationary.
You cannot be teleported.
You are immune to unholy pain and torment.
Your maximum health is greatly increased.
You cannot wear most types of armour.
((You are amphibious.))
You can wear up to eight rings at the same time.
((Your skin changes colour to match your surroundings (Stealth+).))
((Your rubbery body absorbs attacks. (AC +1, EV +1)))
((You are camouflaged when in or above water. (Stealth+)))
((You have tentacles for arms and can constrict up to eight enemies at once.))


Message History

The worm is lightly wounded.
You constrict the worm.
You tentacle-slap the worm but do no damage.
You tentacle-slap the worm, but do no damage.
The worm is lightly wounded.
You constrict the worm.
Natasha casts a spell.
The worm closely misses you.
You tentacle-slap the worm. You squeeze the worm.
The worm is heavily wounded.
You constrict the worm. Natasha closely misses you.
You tentacle-slap the worm.
The worm is severely wounded.
You constrict the worm. The worm bites you.
The cerulean imp hits you from afar with a +2 spear.
Natasha barely misses you.
You are too injured to fight recklessly!
You are too injured to fight recklessly!
You are too injured to fight recklessly!
You are too injured to fight recklessly!
You barely miss Natasha. Your grab misses Natasha. You constrict the worm.
The cerulean imp misses you. Natasha claws you!
* * * LOW HITPOINT WARNING * * *
You tentacle-slap Natasha. Your grab misses Natasha.
Natasha is lightly wounded.
You constrict the worm.
You kill the worm!
The cerulean imp barely misses you. Natasha claws you.
* * * LOW HITPOINT WARNING * * *
Your transformation has ended.
You turn into a tree.
Your roots penetrate the ground.
The hobgoblin barely misses you.
The cerulean imp hits you but does no damage.
Natasha claws you.
* * * LOW HITPOINT WARNING * * *
You miss Natasha.
Natasha is lightly wounded.
The hobgoblin completely misses you.
The cerulean imp hits you from afar with a +2 spear.
You die...

#. ...# #. ....# #
##. ....# #. ..#
....# . ###.##.#
...# #
.......##.<.# #
#....†.g...# #
#.♣h5..# #
#..##### ##..##
#....## ..
##.....##..#
#.........#
#.#......##
######.#......#
####.†...........#


You could see Natasha, a cerulean imp (summoned) and a hobgoblin.

Vanquished Creatures
  Natasha (D:2)
  2 worms (D:2)
  2 ball pythons (D:1)
  5 endoplasms
  2 giant cockroaches (D:1)
  2 goblins
  6 hobgoblins
  10 jackals
  7 kobolds
  2 quokkas (D:1)
  3 bats
  2 frilled lizards (D:1)
  3 rats
47 creatures vanquished.

Notes
Turn   | Place    | Note
-------+----------+-------------------------------------------
     0 | D:1      | Hubris850 the Octopode Shapeshifter began the quest for the
                  | Orb.
     0 | D:1      | Reached XP level 1. HP: 13/13 MP: 1/1
   277 | D:1      | Reached XP level 2. HP: 13/18 MP: 2/2
   380 | D:1      | Reached XP level 3. HP: 20/23 MP: 3/3
   955 | D:2      | Noticed Natasha
   977 | D:2      | Killed Natasha
   978 | D:2      | Reached XP level 4. HP: 20/28 MP: 4/4
  1049 | D:2      | Noticed Natasha
  1060 | D:2      | HP: 2/42 [Natasha (1)]
  1061 | D:2      | Slain by a cerulean imp

Illustrated notes

Levels and vault maps discovered:
D:1:      lemuel_arrival_cross, layout_basic, minmay_tall_x
D:2:      layout_rooms, serial_shops, shop, uniq_natasha

Skill      XL: |  1  2  3 |
---------------+----------+-----
Dodging        | 3 |  3.1
Fighting       | |  1.0
Unarmed Combat | |  3.8
Shapeshifting  | |  3.6

Action                     |  1- 3 |  4- 6 || total
---------------------------+-------+-------++-------
  Melee: Unarmed           |    70 |    19 ||    89
         Constrict         |    18 |     6 ||    24
         Tentacles         |    12 |     5 ||    17
         Punch             |     2 |     1 ||     3
  Throw: Dart              |     2 |       ||     2
    Use: Potion            |       |     1 ||     1
   Stab: Sleeping          |     4 |       ||     4
 Armour: Skin              |    29 |    11 ||    40
  Dodge: Dodged            |    40 |    13 ||    53

Table legend: (Time is in decaauts)
 A = Elapsed time spent in this place.
 B = Non-inter-level travel time spent in this place.
 C = Inter-level travel time spent in this place.
 D = Time resting spent in this place.
 E = Time spent auto-exploring this place.
 F = Levels seen in this place.
 G = Mean time per level.
                   A        B        C        D        E       F      G
               +--------+--------+--------+--------+--------+-----+--------+
         Total |   1066 |   1054 |     12 |     15 |    751 |   2 |  533.0 |
       Dungeon |   1066 |   1054 |     12 |     15 |    751 |   2 |  533.0 |
               +--------+--------+--------+--------+--------+-----+--------+

Top non-repeatable levels by time:
     D:1: 805 daAuts
     D:2: 261 daAuts
